 Dungeon Crawl Stone Soup version 0.28.0-53-g5a82cb258f (webtiles) character file.

Game seed: 2300527095300742381

65 DocClef the Cudgeller (level 4, -3/28 HPs)
             Began as a Gargoyle Monk on July 9, 2022.
             Slain by Natasha (5 damage)
             ... on level 3 of the Dungeon.
             The game lasted 00:01:17 (2121 turns).

DocClef the Cudgeller (Gargoyle Monk)               Turns: 2121, Time: 00:01:18

Health: -3/28      AC:  6    Str: 17    XL:     4   Next: 14%
Magic:  4/4        EV: 12    Int: 10    God:
Gold:   90         SH:  0    Dex: 12    Spells: 3/3 levels left

rFire   . . .      SeeInvis .   a - +0 mace
rCold   . . .      Faith    .   (no shield)
rNeg    + . .      Spirit   .   b - +0 robe
rPois   ∞          Reflect  .   e - +0 helmet
rElec   +          Harm     .   (no cloak)
rCorr   .          Rampage  .   (no gloves)
Will    .....                   (no boots)
Stlth   ++........              (no amulet)
HPRegen 0.09/turn               (no ring)
MPRegen 0.09/turn               (no ring)

@: no status effects
A: sickness immunity, AC +3, negative energy resistance 1, electricity
resistance, torment resistance 1, petrification resistance
a: no special abilities


You were on level 3 of the Dungeon.
You visited 1 branch of the dungeon, and saw 3 of its levels.

You collected 90 gold pieces.

Inventory:

Hand Weapons
 a - a +0 mace (weapon)
Armour
 b - a +0 robe (worn)
 e - a +0 helmet (worn)
Jewellery
 n - a ring of wizardry
 o - a ring of magical power
Scrolls
 c - 5 scrolls of identify {unknown}
 f - a scroll of immolation {unknown}
 h - a scroll of fog {unknown}
 i - 3 scrolls of teleportation {unknown}
 j - a scroll of silence {unknown}
Potions
 d - a potion of heal wounds {unknown}
 g - 2 potions of cancellation {unknown}
 k - a potion of ambrosia {unknown}
 l - a potion of magic {unknown}
 m - a potion of curing {unknown}


   Skills:
 - Level 3.2 Fighting
 + Level 4.9 Maces & Flails
 - Level 2.4 Dodging
 - Level 2.1 Stealth


You had 3 spell levels left.
You didn't know any spells.
Your spell library contained the following spells:

 Spells                   Type           Power      Damage    Failure   Level
 Chain Lightning          Conj/Air       0%         N/A       100%        9
 Fire Storm               Conj/Fire      0%         5d1       100%        9
 Shatter                  Erth           0%         3d5*      100%        9


Dungeon Overview and Level Annotations

Branches:
Dungeon (3/15)

Altars:

Annotations:
D:3 Natasha


Innate Abilities, Weirdness & Mutations

You are immune to sickness and miasma.
Your stone body is resilient. (AC +3)
You are immune to poison.
You resist negative energy. (rN+)
You are resistant to electric shocks. (rElec)
You are resistant to unholy torment.
You are immune to petrification.


Message History

You resist with some effort. Natasha barely misses you.
You hit Natasha.
Natasha is moderately wounded.
Natasha stares at you and mumbles some strange words.
The magic dart hits you.
You closely miss Natasha.
Natasha is moderately wounded.
Natasha misses you.
You hit Natasha but do no damage.
Natasha is moderately wounded.
Natasha closely misses you.
You barely miss Natasha.
Natasha is moderately wounded.
Natasha misses you.
You hit Natasha but do no damage.
Natasha is moderately wounded.
Natasha casts a spell at you. The magic dart hits you.
Natasha casts a spell.
You are too injured to fight recklessly!
You are too injured to fight recklessly!
There are monsters nearby!
You hit Natasha.
Natasha is heavily wounded.
Natasha claws you but does no damage.
You closely miss Natasha. Your punch misses Natasha.
Natasha is heavily wounded.
A hobgoblin comes into view.
Natasha closely misses you.
The hobgoblin shouts!
You hit Natasha but do no damage.
Natasha is heavily wounded.
You hear an angry hiss.
Natasha stares at you and mumbles some strange words.
The magic dart hits you!
* * * LOW HITPOINT WARNING * * *
You barely miss Natasha.
Natasha is heavily wounded.
Natasha claws you.
You die...

P♣. .# #.###..#
....#..# #......
#....# #
##.#####.#.##.#
#.g5h@........####
#.####...........#
#.#....####.#
#...#.## #.#
#..#### #.# #..#
#†####. #..#
#...... #..#
#....##
#..########..#..#


You could see Natasha, a white imp (summoned) and a hobgoblin.

Vanquished Creatures
  Natasha (D:3)
  2 adders
  2 dart slugs
  A ball python (D:2)
  4 bats
  4 endoplasms
  A giant cockroach (D:1)
  5 goblins
  2 hobgoblins (D:1)
  A frilled lizard (D:1)
  2 kobolds
  7 rats
32 creatures vanquished.

Notes
Turn   | Place    | Note
-------+----------+-------------------------------------------
     0 | D:1      | DocClef the Gargoyle Monk began the quest for the Orb.
     0 | D:1      | Reached XP level 1. HP: 14/14 MP: 1/1
   294 | D:1      | Found a faded altar of an unknown god.
   443 | D:1      | Reached XP level 2. HP: 14/19 MP: 2/2
   617 | D:1      | You fall into a shaft and drop 1 floor!
   761 | D:2      | Reached skill level 4 in Maces & Flails
   840 | D:2      | Reached XP level 3. HP: 23/23 MP: 3/3
  2068 | D:3      | Noticed Natasha
  2076 | D:3      | Killed Natasha
  2077 | D:3      | Reached XP level 4. HP: 28/28 MP: 4/4
  2104 | D:3      | Noticed Natasha
  2121 | D:3      | Slain by Natasha

Illustrated notes

Levels and vault maps discovered:
D:1:      dpeg_arrival_boxes_within_box, layout_basic,
          hellmonk_ecumenical_altar_pennies_from_heaven
D:2:      layout_loops_cross
D:3:      layout_loops_ring, hangedman_decor_points, minmay_misc_feat_encased,
          roderic_malta_cross, minmay_misc_feat_square, serial_bayou_crossing,
          uniq_natasha

Skill      XL: |  1  2 |
---------------+-------+-----
Maces & Flails | 4 |  4.9
Fighting       | |  3.2
Dodging        | |  2.4
Stealth        | |  2.1

Action                   |  1- 3 |  4- 6 || total
-------------------------+-------+-------++-------
Melee: Mace              |    95 |    16 ||   111
 Stab: Sleeping          |     2 |     1 ||     3
Armor: Robe              |    42 |     2 ||    44
Dodge: Dodged            |    71 |     9 ||    80
